 Dungeon Crawl Stone Soup version 0.30-a0-4-ga7cffc901d (webtiles) character file.

Game seed: 11407205187701030596

7 frimble the Digger (level 1, 0/13 HPs)
             Began as a Demonspawn Earth Elementalist on Aug 20, 2022.
             Slain by a gnoll
             ... wielding a +0 flail
              (10 damage)
             ... on level 1 of the Dungeon.
             The game lasted 00:00:43 (1107 turns).

frimble the Digger (Demonspawn Earth Elementalist)  Turns: 1107, Time: 00:00:44

Health: 0/13       AC:  2    Str:  8    XL:     1   Next: 83%
Magic:  1/3        EV: 12    Int: 16    God:
Gold:   80         SH:  0    Dex: 13    Spells: 3/4 levels left

rFire   . . .      SeeInvis +    f - +0 dagger
rCold   . . .      Faith    .    (no shield)
rNeg    . . .      Spirit   .    a - +0 robe
rPois   .          Reflect  .    (no helmet)
rElec   .          Harm     .    (no cloak)
rCorr   .          Rampage  .    (no gloves)
Will    .....                    (no boots)
Stlth   ++........               (no amulet)
HPRegen 0.04/turn                e - ring of see invisible
MPRegen 0.08/turn                (no ring)

@: no status effects
A: no striking features
a: no special abilities


You were on level 1 of the Dungeon.
You visited 1 branch of the dungeon, and saw 2 of its levels.

You collected 80 gold pieces.

Inventory:

Hand Weapons
 f - a +0 dagger (weapon)
Missiles
 g - 3 javelins
Armour
 a - a +0 robe (worn)
Jewellery
 e - a ring of see invisible (left hand)
Scrolls
 d - a scroll of enchant weapon {unknown}
 i - a scroll of fog {unknown}
Potions
 b - a potion of magic
 c - 4 potions of curing {unknown}
 h - a potion of flight {unknown}
 j - a potion of cancellation {unknown}
 k - a potion of haste {unknown}


   Skills:
 + Level 0.6 Short Blades
 - Level 1.7 Dodging
 - Level 1.7 Stealth
 - Level 2.0 Spellcasting
 + Level 1.4 Transmutations
 - Level 2.6 Earth Magic


You had 3 spell levels left.
You knew the following spells:

 Your Spells              Type           Power      Damage    Failure   Level
a - Sandblast             Erth           20%        2d7       7%          1

Your spell library contained the following spells:

 Spells                   Type           Power      Damage    Failure   Level
 Passwall                 Tmut/Erth      6%         N/A       14%         2
 Stone Arrow              Conj/Erth      10%        3d7       34%         3
 Frozen Ramparts          Ice            2%         1d1       52%         3
 Petrify                  Tmut/Erth      8%         N/A       65%         4
 Ice Form                 Ice/Tmut       3%         N/A       83%         4
 Summon Ice Beast         Ice/Summ       1%         N/A       90%         4


Dungeon Overview and Level Annotations

Branches:
Dungeon (2/15)

Altars:

Shops:
D:1 *


Message History

Done exploring.
Done exploring.
Done exploring.
(D) Dungeon
Where to? (? - help)
You open the door.
There is an open door here.
There is a stone staircase leading down here.
You climb downwards.
Found 8 gold pieces.
Found a stone staircase leading down.
There is a stone staircase leading up here.
A gnoll comes into view. It is wielding a +0 flail.
A gnoll is nearby!
A gnoll is nearby!
A gnoll is nearby!
A gnoll is nearby!
A gnoll comes into view. It is wielding a +0 halberd.
Found a scroll labelled URHIRHO FUL.
The gnoll shouts! x2; You hear a shout! x2
A gnoll comes into view. It is wielding a +0 club.
You see here 8 gold pieces.
You now have 80 gold pieces (gained 8).
There is a stone staircase leading up here.
The gnoll hits you with a +0 flail.
You climb upwards.
There is a stone staircase leading down here.
Aiming: Sandblast (safe; 7% risk of failure)
Press: ? - help, Q - select action, (/) - cycle Shift-Dir - straight line, f - gnoll
Aim: a gnoll, wielding a +0 flail (84% to hit)
The blast of sand hits the gnoll.
The gnoll is lightly wounded.
The gnoll closely misses you.
Aiming: Sandblast (safe; 7% risk of failure)
Press: ? - help, Q - select action, (/) - cycle Shift-Dir - straight line, f/p - gnoll
Aim: a gnoll, wielding a +0 flail (lightly wounded, 84% to hit)
The blast of sand hits the gnoll but does no damage.
The gnoll is lightly wounded.
The gnoll hits you with a +0 flail!
Ouch! That really hurt!
You die...

#.....#.....#.##.....##.##.....#
#####.####..#.##..<..+...'.....#
######.......#.##.....#...#.....#
....##...#.#.#.########...#######
###.###......#.#.................
# #.####.......#....########.##.#
# #.....#.#....#..#.# #.##..
#########.......g.#.# #####'####
.)..####......##@##'####........#
###.##...#.#...#.......#.........
###.##.#.......#.......#...)....#
..#.##.###.....#.......#........#
#.#............####.#############
..####..###....# #..............
### #..###....# ###############
#### #...##....# #...#..........
...####..##....# #.#.#.#########


You could see a gnoll.

Vanquished Creatures
  A ball python (D:1)
  An endoplasm (D:1)
  4 goblins (D:1)
6 creatures vanquished.

Notes
Turn   | Place    | Note
-------+----------+-------------------------------------------
     0 | D:1      | frimble the Demonspawn Earth Elementalist began the quest
                  | for the Orb.
     0 | D:1      | Reached XP level 1. HP: 13/13 MP: 3/3
    74 | D:1      | Reached skill level 1 in Transmutations
   655 | D:1      | Found Ugoskec's General Store.
   686 | D:1      | Found a faded altar of an unknown god.
  1107 | D:1      | Slain by a gnoll

Illustrated notes

Levels and vault maps discovered:
D:1:      dpeg_arrival_houses_and_road, layout_basic, serial_shops, shop,
          shapermc_ecumenical_altar_ellora, minmay_misc_feat_five
D:2:      layout_rooms, serial_corexii_hall, corexii_hall_statues_u,
          chequers_hall_statues_y, minmay_heptomino_l4

Skill      XL: |  1 |
---------------+----+-----
Transmutations | 1 |  1.4
Short Blades   | |  0.6
Dodging        | |  1.7
Stealth        | |  1.7
Spellcasting   | |  2.0
Earth Magic    | |  2.6

Action                   || total
-------------------------++-------
Melee: Dagger            ||    20
 Cast: Sandblast         ||     3
 Stab: Sleeping          ||     2
Armor: Robe              ||     1
Dodge: Dodged            ||    16

Table legend: (Time is in decaauts)
 A = Elapsed time spent in this place.
 B = Non-inter-level travel time spent in this place.
 C = Inter-level travel time spent in this place.
 D = Time resting spent in this place.
 E = Time spent auto-exploring this place.
 F = Levels seen in this place.
 G = Mean time per level.
                   A        B        C        D        E       F      G
               +--------+--------+--------+--------+--------+-----+--------+
         Total |   1106 |   1068 |     38 |      0 |    979 |   2 |  553.0 |
       Dungeon |   1106 |   1068 |     38 |      0 |    979 |   2 |  553.0 |
               +--------+--------+--------+--------+--------+-----+--------+

Top non-repeatable levels by time:
     D:1: 1097 daAuts
     D:2: 9 daAuts
